 Dungeon Crawl Stone Soup version 0.30-a0-359-gd0147acb1a (webtiles) character file.

Game seed: 10721478649666893292

649 ragingrage the Trooper (level 7, -5/55 HPs)
             Began as a Djinni Gladiator on Nov 12, 2022.
             Slain by an ice beast (13 damage)
             ... on level 5 of the Dungeon.
             The game lasted 00:04:27 (4297 turns).

ragingrage the Trooper (Djinni Gladiator)           Turns: 4297, Time: 00:04:27

Health: -5/55      AC:  8    Str: 13    XL:     7   Next: 83%
Gold:   255        EV: 12    Int: 12    God:
                   SH:  0    Dex: 14

rFire   + + .      SeeInvis .    a - +0 great sword
rCold   x . .      Faith    .    (shield currently unavailable)
rNeg    . . .      Spirit   .    z - +0 leather armour
rPois   ∞          Reflect  .    c - +0 helmet
rElec   .          Harm     .    f - +0 cloak
rCorr   .          Rampage  .    k - +2 pair of gloves
Will    .....                    (boots unavailable)
Stlth   +.........               (no amulet)
HPRegen 0.29/turn                (no ring)
MPRegen 0.00/turn                (no ring)

@: flying
A: sickness immunity, fire resistance 2, cold vulnerability 1, float, innate
caster, HP casting, extra vitality 1
a: no special abilities


You were on level 5 of the Dungeon.
You visited 1 branch of the dungeon, and saw 5 of its levels.

You collected 255 gold pieces.

Inventory:

Hand Weapons
 a - a +0 great sword (weapon)
 b - a +0 sling
 m - a +4 whip
 p - a +0 long sword
Missiles
 d - 2 throwing nets
 e - a javelin
 v - 15 poisoned darts
Armour
 c - a +0 helmet (worn)
 f - a +0 cloak (worn)
 k - a +2 pair of gloves (worn)
 z - a +0 leather armour (worn)
Wands
 A - a wand of mindburst (13)
Scrolls
 g - a scroll of immolation
 i - 4 scrolls of noise
 q - a scroll of fog {unknown}
 r - 2 scrolls of identify
 s - a scroll of magic mapping {unknown}
 t - a scroll of torment {unknown}
 u - 2 scrolls of amnesia
 y - a scroll of vulnerability {unknown}
Potions
 j - 2 potions of might
 l - a potion of invisibility {unknown}
 n - a potion of berserk rage
 o - a potion of lignification {unknown}
 w - a potion of curing {unknown}
 x - a potion of resistance {unknown}


   Skills:
 + Level 5.9 Fighting
 - Level 2.6 Long Blades
 - Level 1.5 Throwing
 - Level 3.2 Dodging
 + Level 4.1 Spellcasting


You had 8 spell levels left.
You knew the following spells:

 Your Spells              Type           Power      Damage    Failure   Level
a - Freeze                Ice            48%        1d6       5%          1
b - Passwall              Tmut/Erth      10%        N/A       8%          2
c - Hailstorm             Conj/Ice       12%        3d5       16%         3
Your spell library was empty.

Dungeon Overview and Level Annotations

Branches:
Dungeon (5/15)
 Temple: D:4-7

Altars:
Fedhas
Gozag
Nemelex Xobeh
Ru


Innate Abilities, Weirdness & Mutations

You are immune to sickness and miasma.
You are immune to poison.
Your flesh is very heat resistant. (rF++)
You are vulnerable to cold. (rC-)
You float through the air rather than walking.
You learn spells naturally, not from books.
Your magical power is your life essence.
You have superior vitality. (+4 MHP)


Message History

The black bear claws you.
* * * LOW HITPOINT WARNING * * *
Aiming: Freeze (safe; 6% risk of failure)
Press: ? - help, Q - select action, (/) - cycle Shift-Dir - straight line, f/p - black bear
Aim: a black bear (severely wounded, ally target)
You freeze the black bear.
The black bear is almost dead.
* * * LOW HITPOINT WARNING * * *
Your centaur closely misses the black bear.
Your centaur kicks the black bear but does no damage.
The black bear goes berserk!
Your centaur hits the black bear.
Your centaur kicks the black bear.
Aiming: Freeze (safe; 6% risk of failure)
Press: ? - help, Q - select action, (/) - cycle Shift-Dir - straight line, f/p - black bear
Aim: a black bear (almost dead, berserk, not watching you, ally target)
You freeze the black bear.
You kill the black bear!
* * * LOW HITPOINT WARNING * * *
Your centaur closely misses the sky beast.
Your centaur kicks the sky beast but does no damage.
The sky beast hits your centaur. The sky beast shocks your centaur.
Your Spellcasting skill increases to level 4!
You swap places.
The sky beast hits you but does no damage.
Your centaur hits the sky beast!
Your centaur barely misses the sky beast.
Your phantom hits the sky beast.
Aiming: Freeze (safe; 5% risk of failure)
Press: ? - help, Q - select action, (/) - cycle Shift-Dir - straight line, f - ice beast
Aim: an ice beast You freeze the ice beast but do no damage.
The ice beast completely resists.
* * * LOW HITPOINT WARNING * * *
Your centaur hits the sky beast.
Your centaur kicks the sky beast but does no damage.
The sky beast hits you but does no damage.
The ice beast hits you.
* * * LOW HITPOINT WARNING * * *
The ice beast freezes you!
You feel a terrible chill!
You die...

###............. #... ..
.. #. #............. ...
... ...#. #............#
.. #... .....
##.........#.##.#...#
.....
##..........#..#.#...#.
.....
#......(...............
.....
##...#.................
.....
##.##..#.#....c.......
.....
#####Y..#.#.)†Y@Y......
.....
#..#.........#.W#......
.#...
#..........##.~.#......
#...
#..........###.........
....
#..............#.......
...
###..##.................
...
#.....#......#..........
...
#.....##..##h###.......
.. #.....†..###..#
....... .


You could see an ice beast, a sky beast (ally target), a friendly phantom
(summoned) and a friendly centaur (summoned).

Vanquished Creatures
  2 black bears
  A necrophage (D:4)
  A hound (D:4)
  2 orc priests (D:5)
  An iguana (D:5)
  Terence (D:2)
  Jessica (D:3)
  An orc wizard (D:5)
  4 gnolls
  5 adders
  A white imp (D:5)
  3 dart slugs
  2 worms
  9 orcs
  4 endoplasms
  7 giant cockroaches
  5 goblins
  5 hobgoblins
  7 ball pythons
  7 bats
  A frilled lizard (D:2)
  8 kobolds
  6 rats
84 creatures vanquished.

Vanquished Creatures (collateral kills)
  A hound (D:5)
  An orc (D:5)
2 creatures vanquished.

Vanquished Creatures (others)
  A fungus (D:3)
1 creature vanquished.

Grand Total: 87 creatures vanquished

Notes
Turn   | Place    | Note
-------+----------+-------------------------------------------
     0 | D:1      | ragingrage the Djinni Gladiator began the quest for the
                  | Orb.
     0 | D:1      | Reached XP level 1. HP: 18/18 MP: 0/0
    80 | D:1      | Reached XP level 2. HP: 20/24 MP: 0/0
   251 | D:1      | Reached skill level 1 in Spellcasting
   830 | D:1      | Reached XP level 3. HP: 29/29 MP: 0/0
   830 | D:1      | Learned a level 1 spell: Freeze
  1260 | D:2      | Reached skill level 3 in Fighting
  1492 | D:2      | Reached XP level 4. HP: 35/35 MP: 0/0
  1590 | D:2      | Noticed Terence
  1605 | D:2      | Killed Terence
  2071 | D:3      | Reached XP level 5. HP: 40/40 MP: 0/0
  2071 | D:3      | Learned a level 2 spell: Passwall
  2094 | D:3      | Found an opulent altar of Gozag.
  2181 | D:3      | Found a blossoming altar of Fedhas.
  2406 | D:3      | Noticed Jessica
  2414 | D:3      | Killed Jessica
  2557 | D:3      | Found a sparkling altar of Nemelex Xobeh.
  2824 | D:4      | Noticed a black bear
  2833 | D:4      | Killed a black bear
  2834 | D:4      | Reached skill level 4 in Fighting
  2834 | D:4      | Reached XP level 6. HP: 40/48 MP: 0/0
  3342 | D:4      | Found a sacrificial altar of Ru.
  3622 | D:4      | Reached skill level 5 in Fighting
  3782 | D:5      | Entered Level 5 of the Dungeon
  3796 | D:5      | Reached XP level 7. HP: 51/54 MP: 0/0
  3796 | D:5      | Learned a level 3 spell: Hailstorm
  4297 | D:5      | Slain by an ice beast

Illustrated notes

Levels and vault maps discovered:
D:1:      spicycebolla_green_bress_n_ham_2, layout_basic, roderic_lattice_a,
          minmay_misc_feat_room
D:2:      layout_loops_corners, uniq_terence
D:3:      layout_loops_ring, nemelex_spade_bored_becter,
          mainiacjoe_overflow_boulevard, grunt_gozag_statues, uniq_jessica
D:4:      layout_cave_pools, lemuel_round_altar, serial_rivers,
          chequers_serial_rivers_room_b, chequers_serial_rivers_large_a,
          chequers_serial_rivers_micro_a, chequers_serial_rivers_small_a,
          chequers_serial_rivers_small_3, chequers_serial_rivers_micro_c,
          minmay_misc_feat_five
D:5:      layout_cave_pools, gammafunk_ghost_necromancy, st_stairs_11

Skill      XL: |  1  2  3  4  5  6  7 |
---------------+----------------------+-----
Spellcasting   | 1 2 3 4 |  4.1
Fighting       | 3 4 5 |  5.9
Long Blades    | |  2.6
Throwing       | |  1.5
Dodging        | |  3.2

Action                   |  1- 3 |  4- 6 |  7- 9 || total
-------------------------+-------+-------+-------++-------
Melee: Long sword        |    56 |     6 |       ||    62
       Great sword       |       |    67 |     8 ||    75
Throw: Throwing net      |       |     1 |       ||     1
 Cast: Freeze            |    20 |    41 |    23 ||    84
       Hailstorm         |       |       |    12 ||    12
  Use: Scroll            |       |     5 |     1 ||     6
 Stab: Sleeping          |     2 |     1 |       ||     3
Armor: Leather armour    |    15 |    48 |    20 ||    83
Dodge: Dodged            |    48 |    80 |    30 ||   158

Table legend: (Time is in decaauts)
 A = Elapsed time spent in this place.
 B = Non-inter-level travel time spent in this place.
 C = Inter-level travel time spent in this place.
 D = Time resting spent in this place.
 E = Time spent auto-exploring this place.
 F = Levels seen in this place.
 G = Mean time per level.
                   A        B        C        D        E       F      G
               +--------+--------+--------+--------+--------+-----+--------+
         Total |   4358 |   4044 |    314 |    580 |   2726 |   5 |  871.6 |
       Dungeon |   4358 |   4044 |    314 |    580 |   2726 |   5 |  871.6 |
               +--------+--------+--------+--------+--------+-----+--------+

Top non-repeatable levels by time:
     D:3: 1147 daAuts
     D:2: 1001 daAuts
     D:1: 920 daAuts
     D:4: 902 daAuts
     D:5: 386 daAuts
